 Dungeon Crawl Stone Soup version 0.24.0-123-gd5b16e6ec5 (webtiles) character file.

Game seed: 4375453118103202766, levelgen mode: deterministic

95 FishyPogo the Skirmisher (level 4, 0/37 HPs)
             Began as a Demonspawn Chaos Knight on Jan 24, 2020.
             Was a Plaything of Xom.
             Slain by a worker ant (5 damage)
             ... on level 4 of the Dungeon.
             The game lasted 00:02:44 (1453 turns).

FishyPogo the Skirmisher (Demonspawn Chaos Knight)  Turns: 1453, Time: 00:02:45

Health: 0/37       AC:  5    Str: 13    XL:     4   Next: 40%
Magic:  4/4        EV: 12    Int: 13    God:    Xom [.....*]
Gold:   192        SH:  0    Dex: 13    Spells: 3/3 levels left

rFire    . . .     SeeInvis .   a - +0 falchion (chaos)
rCold    . . .     Gourm    .   (no shield)
rNeg     . . .     Faith    .   b - +2 leather armour
rPois    +         Spirit   .   (helmet restricted)
rElec    .         Reflect  .   (no cloak)
rCorr    .         Harm     .   (no gloves)
MR       .....                  (no boots)
Stlth    +.........             (no amulet)
HPRegen  0.12/turn              p - ring of poison resistance
MPRegen  0.09/turn              (no ring)

@: no status effects
A: antennae 1, rot immunity
a: Renounce Religion


You were on level 4 of the Dungeon.
You worshipped Xom.
You were Xom's teddy bear.
You were not hungry.

You visited 1 branch of the dungeon, and saw 3 of its levels.

You collected 192 gold pieces.

Inventory:

Hand Weapons
 a - a +0 falchion of chaos (weapon)
Missiles
 i - a throwing net
 j - 44 stones (quivered)
 r - 8 javelins
Armour
 b - a +2 leather armour (worn)
 d - a +0 robe of fire resistance
 t - a +0 shield
Jewellery
 p - a ring of poison resistance (left hand)
Scrolls
 e - a scroll of noise {unknown}
 h - a scroll of fear {unknown}
 k - 4 scrolls of teleportation {unknown}
 l - 2 scrolls of identify {unknown}
 m - a scroll of enchant weapon {unknown}
 n - a scroll of random uselessness {unknown}
 s - 2 scrolls of immolation {unknown}
Potions
 f - a potion of curing {unknown}
 o - a potion of brilliance {unknown}
 q - a potion of resistance {unknown}
 u - 2 potions of might {unknown}
Comestibles
 c - 3 rations
 g - 3 chunks of flesh


   Skills:
 * Level 3.9 Fighting
 + Level 3.1 Long Blades
 + Level 2.3 Armour
 * Level 2.2 Dodging
 + Level 0.0 Shields


You had 3 spell levels left.
You didn't know any spells.
Your spell library was empty.

Dungeon Overview and Level Annotations

Branches:
Dungeon (2/15)

Altars:


Innate Abilities, Weirdness & Mutations

You have a pair of small antennae on your head.
You are immune to rotting.


Message History

* * * LOW HITPOINT WARNING * * *
The worker ant barely misses you.
You riposte.
You hit the worker ant. You burn the worker ant.
The worker ant is lightly wounded.
You hit the worker ant.
The worker ant is moderately wounded.
The worker ant closely misses you.
You riposte.
You hit the worker ant. You freeze the worker ant.
The worker ant is severely wounded.
You hit the worker ant but do no damage.
The worker ant is severely wounded.
The worker ant misses you.
You riposte.
You completely miss the worker ant.
The worker ant is severely wounded.
You hit the worker ant. You burn the worker ant.
The worker ant is almost dead.
The worker ant bites you.
* * * LOW HITPOINT WARNING * * *
The worker ant bites you.
You die... "I guess I need a new plaything now."

##### #§§§
#####§§#
#...§§§#
#.####a#
#.#§@§#
#.§### #
##.# .#
##..###..#
#........#
#>#..###.##
###..# #
#..# #...


You could see a worker ant.

Vanquished Creatures
  A scorpion (D:2)
  2 adders (D:2)
  2 worms (D:2)
  A dart slug (D:1)
  3 hobgoblins
  4 kobolds
  A quokka (D:2)
  A ball python (D:1)
  3 bats
  2 frilled lizards
  6 goblins
  8 rats
34 creatures vanquished.

Notes
Turn   | Place    | Note
-------+----------+-------------------------------------------
     0 | D:1      | FishyPogo the Demonspawn Chaos Knight began the quest for
                  | the Orb.
     0 | D:1      | Reached XP level 1. HP: 18/18 MP: 1/1
    73 | D:1      | Reached skill level 1 in Dodging
    92 | D:1      | XOM: divination: detect creatures
   147 | D:1      | Gained mutation: You are immune to rotting. [demonic
                  | ancestry]
   147 | D:1      | Reached XP level 2. HP: 24/24 MP: 2/2
   165 | D:1      | XOM: harmless Conj miscast
   242 | D:1      | XOM: divination: magic mapping
   245 | D:1      | XOM: potion effect (brilliance)
   964 | D:2      | XOM: silly message
  1053 | D:2      | XOM: divination: detect creatures
  1101 | D:2      | Noticed a scorpion
  1101 | D:2      | XOM: divination: detect creatures
  1102 | D:2      | XOM: potion effect (invisibility)
  1110 | D:2      | Killed a scorpion
  1110 | D:2      | Gained mutation: You have a pair of small antennae on your
                  | head. [demonic ancestry]
  1110 | D:2      | Reached XP level 3. HP: 26/30 MP: 3/3
  1110 | D:2      | Reached XP level 4. HP: 32/37 MP: 4/4
  1355 | D:2      | XOM: destruction
  1408 | D:2      | XOM: god gift: 50 gold pieces
  1434 | D:2      | You fall into a shaft and drop 2 floors!
  1446 | D:4      | XOM: fog
  1453 | D:4      | Slain by a worker ant

Levels and vault maps discovered:
D:1:      dpeg_arrival_refuge, layout_loops_ring, serial_forest,
          infiniplex_forest_straight_4, infiniplex_forest_lined_corner,
          infiniplex_forest_clump_medium, infiniplex_forest_clump_curved,
          infiniplex_forest_clump_tiny, infiniplex_forest_pool
D:2:      layout_basic, lightli_temple_of_fire
D:4:      layout_loops_ring, old_standard_altar, kennysheep_mini,
          gammafunk_ghost_gnarly_gnolls, grunt_ministairs_3,
          grunt_dithmenos_smoke

Skill      XL: |  1  2 |
---------------+-------+-----
Dodging        | 1 2 |  2.2
Armour         | 2 |  2.3
Long Blades    | 3 |  3.1
Fighting       | |  3.9

Action                   |  1- 3 |  4- 6 || total
-------------------------+-------+-------++-------
Melee: Falchion          |    52 |    37 ||    89
Throw: Javelin           |     3 |       ||     3
       Stone             |       |     5 ||     5
 Stab: Paralysed         |     1 |     2 ||     3
       Invisible         |       |     2 ||     2
  Eat: Chunk             |     1 |     1 ||     2
Armor: Leather armour    |    13 |     7 ||    20
Dodge: Dodged            |    27 |    28 ||    55
       Rpst.: Falchion   |     9 |    10 ||    19
